 Dungeon Crawl Stone Soup version 0.31-a0-354-g827e0957a7 (webtiles) character file.

Game seed: 13080017936441362696

51 RepHenryClay the Ducker (level 3, 0/31 HPs)
             Began as a Ghoul Monk on July 23, 2023.
             Slain by a kobold
             ... wielding a +0 club
              (3 damage)
             ... on level 2 of the Dungeon.
             The game lasted 00:01:42 (1427 turns).

RepHenryClay the Ducker (Ghoul Monk)                Turns: 1427, Time: 00:01:42

Health: 0/31       AC:  2    Str: 14    XL:     3   Next: 81%
Magic:  2/2        EV: 13    Int:  5    God:
Gold:   62         SH:  0    Dex: 13    Spells: 2/2 levels left

rFire   . . .        a - +0 mace
rCold   + . .        d - orb {light}
rNeg    + + +        b - +0 robe
rPois   ∞            (no helmet)
rElec   .            (no cloak)
rCorr   .            (no gloves)
SInv    .            (no boots)
Will    .....        (no amulet)
Stlth   +            (no ring)
HPRegen 0.00/turn    (no ring)
MPRegen 0.08/turn

%: no passive effects
@: inhibited regen, glowing
A: claws 1, cold resistance 1, negative energy resistance 3, inhibited
regeneration, torment resistance 2, devour on kill
a: no special abilities


You were on level 2 of the Dungeon.
You visited 1 branch of the dungeon, and saw 2 of its levels.

You collected 62 gold pieces.

Inventory:

Hand Weapons
 a - a +0 mace (weapon)
Armour
 b - a +0 robe (worn)
 d - an orb of light (worn)
 m - a +0 plate armour
Jewellery
 h - a ring of ice
Scrolls
 f - 2 scrolls of identify {unknown}
 g - 2 scrolls of amnesia {unknown}
 j - 2 scrolls of teleportation {unknown}
 k - a scroll of acquirement {unknown}
Potions
 c - a potion of ambrosia
 e - a potion of brilliance {unknown}
 i - a potion of degeneration {unknown}
 l - a potion of enlightenment {unknown}
 n - 2 potions of heal wounds {unknown}
 o - a potion of curing {unknown}
 p - a potion of mutation {unknown}


   Skills:
 - Level 3.2 Fighting
 + Level 3.5 Maces & Flails
 + Level 3.5 Dodging


You had 2 spell levels left.
You didn't know any spells.
Your spell library was empty.

Dungeon Overview and Level Annotations

Branches:
Dungeon (2/15)

Altars:


Innate Abilities, Weirdness & Mutations

You are immune to poison.
You have sharp fingernails.
Your flesh is cold resistant. (rC+)
You are immune to negative energy. (rN+++)
You do not regenerate when monsters are visible.
You are immune to unholy pain and torment.
You thrive by killing the living.


Message History

A kobold and a gnoll come into view.
The kobold shouts!
The gnoll shouts!
You hear a shout! x2
The gnoll moves out of view.
A kobold is nearby!
A hobgoblin and a gnoll come into view.
The hobgoblin shouts!
The gnoll misses you. The gnoll barely misses you.
You hit the gnoll.
The gnoll is lightly wounded.
A ball python comes into view.
The gnoll hits you but does no damage. The gnoll hits you with a +0 halberd!
A rat comes into view.
The kobold hits you but does no damage.
Huge Dmg: -22%(-7hp) hp: 78%(24hp)
The kobold attacks as you move away! The kobold barely misses you.
You hit the kobold but do no damage. The kobold barely misses you.
You hit the kobold.
The kobold is moderately wounded.
The kobold hits you with a +0 club. x2
Damage: -7%(-2hp) hp: 71%(22hp)
You barely miss the kobold.
The kobold is moderately wounded.
The gnoll misses you. The kobold hits you with a +0 club.
Damage: -9%(-3hp) hp: 62%(19hp)
You barely miss the kobold.
The kobold is moderately wounded.
The gnoll closely misses you. The kobold barely misses you.
You barely miss the kobold.
The kobold is moderately wounded.
The gnoll hits you from afar with a +0 halberd!
* * * LOW HITPOINT WARNING * * *
The kobold hits you with a +0 club.
* * * LOW HITPOINT WARNING * * *
Huge Dmg: -52%(-16hp) hp: 10%(3hp)
The kobold attacks as you move away! The kobold closely misses you.
The kobold attacks as you move away! The kobold barely misses you.
The kobold attacks as you move away! The kobold closely misses you.
The kobold attacks as you move away! The kobold closely misses you.
The kobold attacks as you move away! The kobold hits you with a +0 club.
You die...

## #g#.~~...#
#....~~..#
##.g..~~.#
##..~~..# .
#..).~~.# #. ..
#g......# #. #.##
#.#.##### #.. ...
#.K.#
#..###.#.####@.#
.... #......## #
#.###.#.##.# #
##.....#....#
#######.#.)###.#†.#
>..............#.##
######....#..###.#
# ##.###......# #
#.###...####


You could see a gnoll and a kobold.

Vanquished Creatures
  A worm (D:2)
  A dart slug (D:1)
  A bat (D:1)
  2 endoplasms (D:1)
  6 giant cockroaches
  3 goblins (D:1)
  5 hobgoblins
  3 quokkas
  4 ball pythons
  4 frilled lizards
  6 kobolds
  7 rats
43 creatures vanquished.

Notes
Turn   | Place    | Note
-------+----------+-------------------------------------------
     0 | D:1      | RepHenryClay the Ghoul Monk began the quest for the Orb.
     0 | D:1      | Reached XP level 1. HP: 19/19 MP: 0/0
    62 | D:1      | Reached XP level 2. HP: 26/26 MP: 1/1
   317 | D:1      | Reached XP level 3. HP: 24/31 MP: 2/2
  1177 | D:2      | Found a faded altar of an unknown god.
  1427 | D:2      | Slain by a kobold

Illustrated notes

Levels and vault maps discovered:
D:1:      tarquinn_simple_flora_water_d, layout_loops_ring,
          grunt_decor_one_mirror, nicolae_figureground_sparkle
D:2:      layout_loops_cross, dreamdust_ecumenical_altar_statues, serial_shops,
          nicolae_shop_crystal, eino_tiny_chamber, grunt_ministairs_3,
          hangedman_abyss_or_decor_stabs, dk_vineyard_3

Skill      XL: |  1  2 |
---------------+-------+-----
Maces & Flails | 3 |  3.5
Dodging        | 3 |  3.5
Fighting       | |  3.2

Action                     || total
---------------------------++-------
  Melee: Mace              ||   118
 Armour: Robe              ||    27
  Dodge: Dodged            ||    80

Table legend: (Time is in decaauts)
 A = Elapsed time spent in this place.
 B = Non-inter-level travel time spent in this place.
 C = Inter-level travel time spent in this place.
 D = Time resting spent in this place.
 E = Time spent auto-exploring this place.
 F = Levels seen in this place.
 G = Mean time per level.
                   A        B        C        D        E       F      G
               +--------+--------+--------+--------+--------+-----+--------+
         Total |   1457 |   1391 |     66 |      0 |   1092 |   2 |  728.5 |
       Dungeon |   1457 |   1391 |     66 |      0 |   1092 |   2 |  728.5 |
               +--------+--------+--------+--------+--------+-----+--------+

Top non-repeatable levels by time:
     D:1: 821 daAuts
     D:2: 636 daAuts
